Jets vs Islanders

Created - 8 janvier 2018 at 17:32

Goals
1 2 3 T
Jets 1 3 0 4
Islanders 0 0 1 1
Shots
1 2 3 T
Jets 23 11 14 48
Islanders 14 6 3 23

1st period

1. Jets , Frans Nielsen 15 (Jeff Skinner 14) at 18:19

Penalties :
Patrick Sharp (NYI) for Tripping (Minor) at 0:06, Hampus Lindholm (WPG) for Hooking (Minor) at 10:26, Jonas Brodin (WPG) for Interference (Minor) at 14:14

2nd period

2. Jets , Jamie Benn 29 (Cam Atkinson 34, Jonas Brodin 14) at 7:31
3. Jets , Frans Nielsen 16 (Rickard Rakell 16, Jeff Skinner 15) at 10:39 (PP)
4. Jets , Rickard Rakell 16 (Frans Nielsen 18, Jordie Benn 11) at 13:16

Penalties :
Luca Sbisa (NYI) for Hooking (Minor) at 10:26

3rd period

5. Islanders , Matt Read 8 (Roman Polak 10, Zack Kassian 2) at 2:02

Penalties :
Luca Sbisa (NYI) for Roughing (Minor) at 3:43, Matt Read (NYI) for Tripping (Minor) at 9:40, Tom Kuhnhackl (NYI) for Interference (Minor) at 13:12, Josh Anderson (NYI) for Roughing (Minor) at 17:49

Goalie Stats

Keith Kinkaid (WPG), 22 saves from 23 shots - (0.957), W, 4-2-0, 60:00 minutes
Craig Anderson (NYI), 44 saves from 48 shots - (0.917), L, 19-17-3, 60:00 minutes

Players Stats for Jets

Player Name              G  A  P  +/- PIM S  H  SB GA TA FO     MP     PP MP  PK MP  
------------------------------------------------------------------------------------
Braydon Coburn           0  0  0   0  0   0  1  0  0  0  0/0    10:19   0:47   0:55 
Brock Nelson             0  0  0  -1  0   6  2  0  0  0  1/2    12:49   0:30   0:00 
Bryan Rust               0  0  0  -1  0   0  1  0  0  0  0/0    14:43   0:30   1:54 
Cam Atkinson             0  1  1   1  0   5  0  0  0  0  0/5    22:26   4:59   0:00 
Connor Carrick           0  0  0   0  0   1  0  0  0  0  0/0     7:44   0:30   0:20 
Frans Nielsen            2  1  3   2  0   4  1  0  0  0  15/31  21:05   4:39   1:26 
Hampus Lindholm          0  0  0   1  2   0  3  0  0  0  0/0    22:37   4:26   1:06 
Jamie Benn               1  0  1   1  0   5  1  0  0  0  0/1    22:26   4:59   0:00 
Jeff Skinner             0  2  2   2  0   2  1  0  0  0  0/2    20:47   4:39   0:00 
Jonas Brodin             0  1  1   1  2   3  1  0  0  0  0/0    21:30   4:25   0:00 
Jordie Benn              0  1  1   0  0   1  2  0  0  0  0/0    16:31   0:00   1:37 
Mika Zibanejad           0  0  0   0  0   0  1  0  0  0  1/2     1:00   0:00   0:00 
Mikko Koivu              0  0  0   1  0   7  2  1  0  0  14/25  23:12   4:59   0:46 
Nick Holden              0  0  0   1  0   2  4  0  0  0  0/0    20:44   5:13   1:37 
Ondrej Kase              0  0  0   0  0   1  0  0  0  0  0/1     4:47   0:30   0:00 
Radek Faksa              0  0  0  -1  0   0  1  0  0  0  9/19   14:51   0:00   2:24 
Rickard Rakell           1  1  2   2  0   10 2  0  0  0  0/0    17:56   4:39   1:26 
Tobias Enstrom           0  0  0   1  0   1  0  0  0  0  0/0    20:33   4:55   2:21 

Players Stats for Islanders

Player Name              G  A  P  +/- PIM S  H  SB GA TA FO     MP     PP MP  PK MP  
------------------------------------------------------------------------------------
Andy Greene              0  0  0  -1  0   2  0  0  0  0  0/0    20:58   1:32   5:03 
Brian Boyle              0  0  0  -2  0   1  0  0  0  0  13/22  21:27   2:19   3:31 
Colin Wilson             0  0  0  -2  0   0  0  0  0  0  0/2    17:58   2:19   0:25 
Erik Johnson             0  0  0  -1  0   0  4  5  0  0  0/0    25:37   2:26   5:05 
Josh Anderson            0  0  0  -2  2   3  0  0  0  0  0/0    17:32   2:19   0:00 
Lars Eller               0  0  0   0  0   0  0  0  0  0  1/1     1:34   0:00   0:49 
Luca Sbisa               0  0  0   0  4   0  2  1  0  0  0/0    13:23   0:00   0:00 
Mark Fayne               0  0  0   0  0   1  0  1  0  0  0/0    13:25   0:00   0:00 
Matt Read                1  0  1   1  2   1  0  0  0  0  0/0    14:15   0:00   0:00 
Nate Thompson            0  0  0  -1  0   0  0  0  0  0  4/6     4:22   0:00   0:00 
Niklas Hjalmarsson       0  0  0  -1  0   4  0  1  0  0  0/0    21:52   2:26   5:05 
Patrick Sharp            0  0  0  -1  2   2  4  0  0  0  1/2    21:54   1:39   5:27 
Pierre-Alexandr Parentea 0  0  0   0  0   2  2  0  0  0  0/1    16:12   1:39   0:00 
Roman Polak              0  1  1  -1  0   1  3  4  0  0  0/0    20:40   1:32   5:03 
Steven Santini           0  0  0   0  0   0  1  0  0  0  0/0     4:21   0:00   0:00 
Tom Kuhnhackl            0  0  0   1  2   0  2  0  0  0  2/3    14:27   0:00   0:12 
Tyler Bozak              0  0  0  -1  0   5  0  0  0  0  24/38  24:09   1:39   6:24 
Zack Kassian             0  1  1   1  0   1  1  0  0  0  3/13   15:40   0:00   3:28 

3 Stars

1 - Frans Nielsen (WPG)
2 - Rickard Rakell (WPG)
3 - Jeff Skinner (WPG)

Power Play

Jets - 1 on 6 Attempt(s) - 16.67%
Islanders - 0 on 2 Attempt(s) - 0.00%

Penalty Kill

Jets - 2 on 2 Attempt(s) - 100.00% - Score 0 goal in Penalty Kill
Islanders - 5 on 6 Attempt(s) - 83.33% - Score 0 goal in Penalty Kill

Team Stat

Jets - Hits : 23 - Faceoff Wins : 40 - Blocked Shots : 1 - Penalty Minutes : 4
Islanders - Hits : 19 - Faceoff Wins : 48 - Blocked Shots : 12 - Penalty Minutes : 12

Official

Referees : Francis Charron and Evgeny Romasko
Linesman : Jonny Murray and Ryan Galloway

Game Notes

Lars Eller is injured at 5:30 of 1st period (Bruised Left Arm)
Mika Zibanejad is injured at 6:57 of 1st period (Left Leg)

Finance

Level 1 -- Attendance: 6000 (100.00%) -- Ticket Income 678 000 $
Level 2 -- Attendance: 4533 (90.66%) -- Ticket Income 353 574 $
Level 3 -- Attendance: 2000 (100.00%) -- Ticket Income 144 000 $
Level 4 -- Attendance: 1773 (98.77%) -- Ticket Income 90 423 $
Luxury Box -- Attendance: 995 (99.50%) -- Ticket Income 175 120 $
Game was played at the Barclays Center.
Total Attendance: 15301 (96.87%)
Total Ticket Income: 1 441 117 $
Other Income: 216 168 $
Total Income: 1 657 285 $

% Time on Ice - Jets

Lines # - Real PCT - Wanted PCT - Time Play
Normal Forward
1 - 38% - 40% - 17:27
2 - 26% - 30% - 11:51
3 - 27% - 20% - 12:19
4 - 9% - 10% - 4:17
Normal Defense
1 - 37% - 40% - 17:06
2 - 29% - 30% - 13:17
3 - 19% - 20% - 8:37
4 - 15% - 10% - 6:54
PP Forward
1 - 49% - 60% - 4:59
2 - 51% - 40% - 5:09
PP Defense
1 - 51% - 60% - 5:13
2 - 49% - 40% - 4:55
PK Forward
1 - 64% - 60% - 2:32
2 - 36% - 40% - 1:26
PK Defense
1 - 59% - 60% - 2:21
2 - 41% - 40% - 1:37
PK3 Forward
1 - 0% - 60%
2 - 0% - 40%
PK3 Defense
1 - 0% - 60%
2 - 0% - 40%
44 Forward
1 - 0% - 60%
2 - 0% - 40%
44 Defense
1 - 0% - 60%
2 - 0% - 40%
Last Minute Offensive  - 0:00
Last Minute Defensive  - 0:00
Total
Forward - 60:00
Defense - 60:00

% Time on Ice - Islanders

Lines # - Real PCT - Wanted PCT - Time Play
Normal Forward
1 - 32% - 40% - 14:33
2 - 33% - 30% - 15:14
3 - 31% - 20% - 14:16
4 - 4% - 10% - 1:51
Normal Defense
1 - 31% - 40% - 14:21
2 - 31% - 30% - 14:05
3 - 29% - 20% - 13:25
4 - 9% - 10% - 4:03
PP Forward
1 - 42% - 60% - 1:39
2 - 58% - 40% - 2:19
PP Defense
1 - 61% - 60% - 2:26
2 - 39% - 40% - 1:32
PK Forward
1 - 71% - 60% - 7:09
2 - 29% - 40% - 2:59
PK Defense
1 - 50% - 60% - 5:05
2 - 50% - 40% - 5:03
PK3 Forward
1 - 0% - 60%
2 - 0% - 40%
PK3 Defense
1 - 0% - 60%
2 - 0% - 40%
44 Forward
1 - 0% - 60%
2 - 0% - 40%
44 Defense
1 - 0% - 60%
2 - 0% - 40%
Last Minute Offensive  - 0:00
Last Minute Defensive  - 0:00
Total
Forward - 60:00
Defense - 60:00

Play by Play

1st period


0:01 of 1st period - Mikko Koivu wins face-off versus Pierre-Alexandr Parenteau in neutral zone.
0:01 of 1st period - Mikko Koivu is hit by Patrick Sharp.
0:04 of 1st period - Cam Atkinson is hit by Pierre-Alexandr Parenteau and loses puck.
0:06 of 1st period - Minor Penalty to Patrick Sharp for Tripping.
0:07 of 1st period - Tyler Bozak wins face-off versus Cam Atkinson in Islanders zone.
0:16 of 1st period - Shot by Cam Atkinson.
0:16 of 1st period - Deflect By Jamie Benn.
0:16 of 1st period - Stopped by Craig Anderson without a rebound.
0:17 of 1st period - Brian Boyle wins face-off versus Frans Nielsen in Islanders zone.
1:19 of 1st period - Shot by Jamie Benn.
1:19 of 1st period - Stopped by Craig Anderson without a rebound.
1:20 of 1st period - Mikko Koivu wins face-off versus Tyler Bozak in Islanders zone.
1:35 of 1st period - Shot by Nick Holden.
1:35 of 1st period - Stopped by Craig Anderson without a rebound.
1:36 of 1st period - Frans Nielsen wins face-off versus Tyler Bozak in Islanders zone.
3:07 of 1st period - Shot by Mikko Koivu.
3:07 of 1st period - Stopped by Craig Anderson without a rebound.
3:08 of 1st period - Tyler Bozak wins face-off versus Jeff Skinner in Islanders zone.
3:31 of 1st period - Shot by Ondrej Kase.
3:31 of 1st period - Stopped by Craig Anderson without a rebound.
3:32 of 1st period - Tom Kuhnhackl wins face-off versus Cam Atkinson in Islanders zone.
3:37 of 1st period - Shot by Tom Kuhnhackl.
3:37 of 1st period - Shot Misses the Net.
3:47 of 1st period - Shot by Jamie Benn.
3:47 of 1st period - Stopped by Craig Anderson without a rebound.
3:48 of 1st period - Nate Thompson wins face-off versus Frans Nielsen in Islanders zone.
3:48 of 1st period - Nate Thompson is hit by Frans Nielsen.
3:51 of 1st period - Icing by Tyler Bozak.
3:52 of 1st period - Nate Thompson wins face-off versus Cam Atkinson in Islanders zone.
3:56 of 1st period - Erik Johnson is hit by Jonas Brodin and loses puck.
4:02 of 1st period - Off-side.
4:03 of 1st period - Frans Nielsen wins face-off versus Colin Wilson in neutral zone.
4:18 of 1st period - Shot by Jeff Skinner.
4:18 of 1st period - Shot Misses the Net.
4:20 of 1st period - Shot by Nick Holden.
4:20 of 1st period - Stopped by Craig Anderson without a rebound.
4:21 of 1st period - Mikko Koivu wins face-off versus Tyler Bozak in Islanders zone.
4:24 of 1st period - Shot by Mikko Koivu.
4:24 of 1st period - Stopped by Craig Anderson without a rebound.
4:25 of 1st period - Frans Nielsen wins face-off versus Tyler Bozak in Islanders zone.
4:25 of 1st period - Frans Nielsen is hit by Erik Johnson.
4:41 of 1st period - Shot by Frans Nielsen.
4:41 of 1st period - Shot Hit the Post.
4:55 of 1st period - Shot by Jeff Skinner.
4:55 of 1st period - Shot Misses the Net.
4:57 of 1st period - Shot by Jonas Brodin.
4:57 of 1st period - Stopped by Craig Anderson without a rebound.
4:58 of 1st period - Mikko Koivu wins face-off versus Brian Boyle in Islanders zone.
4:58 of 1st period - Mikko Koivu is hit by Roman Polak.
5:08 of 1st period - Shot by Jamie Benn.
5:08 of 1st period - Deflect By Cam Atkinson.
5:08 of 1st period - Stopped by Craig Anderson with a rebound.
5:18 of 1st period - Shot by Jamie Benn.
5:18 of 1st period - Shot Misses the Net.
5:20 of 1st period - Shot by Jamie Benn.
5:20 of 1st period - Shot Misses the Net.
5:26 of 1st period - Shot by Cam Atkinson.
5:26 of 1st period - Shot Misses the Net.
5:28 of 1st period - Shot by Mikko Koivu.
5:28 of 1st period - Stopped by Craig Anderson without a rebound.
5:29 of 1st period - Lars Eller wins face-off versus Mika Zibanejad in Islanders zone.
5:29 of 1st period - Lars Eller is hit by Mika Zibanejad.
5:30 of 1st period - Lars Eller from Islanders is injured at 5:30 of 1st period (Bruised Left Arm).
5:31 of 1st period - Tyler Bozak wins face-off versus Frans Nielsen in Islanders zone.
5:31 of 1st period - Patrick Sharp is hit by Rickard Rakell and loses puck.
5:42 of 1st period - Shot by Rickard Rakell.
5:42 of 1st period - Shot Misses the Net.
5:44 of 1st period - Shot by Rickard Rakell.
5:44 of 1st period - Deflect By Frans Nielsen.
5:44 of 1st period - Shot Misses the Net.
5:59 of 1st period - Off-side.
6:00 of 1st period - Mikko Koivu wins face-off versus Zack Kassian in neutral zone.
6:09 of 1st period - Shot by Jamie Benn.
6:09 of 1st period - Shot Misses the Net.
6:55 of 1st period - Icing by Tobias Enstrom.
6:56 of 1st period - Mika Zibanejad wins face-off versus Tyler Bozak in Jets zone.
6:56 of 1st period - Mika Zibanejad is hit by Patrick Sharp.
6:57 of 1st period - Mika Zibanejad from Jets is injured at 6:57 of 1st period (Left Leg).
6:58 of 1st period - Tyler Bozak wins face-off versus Frans Nielsen in Jets zone.
7:16 of 1st period - Icing by Jeff Skinner.
7:17 of 1st period - Brian Boyle wins face-off versus Frans Nielsen in Jets zone.
7:20 of 1st period - Shot by Colin Wilson.
7:20 of 1st period - Shot Misses the Net.
8:15 of 1st period - Shot by Mikko Koivu.
8:15 of 1st period - Shot Blocked by Erik Johnson.
8:27 of 1st period - Braydon Coburn is hit by Patrick Sharp and loses puck.
9:04 of 1st period - Shot by Bryan Rust.
9:04 of 1st period - Deflect By Brock Nelson.
9:04 of 1st period - Shot Blocked by Mark Fayne.
9:06 of 1st period - Shot by Brock Nelson.
9:06 of 1st period - Stopped by Craig Anderson without a rebound.
9:07 of 1st period - Radek Faksa wins face-off versus Tom Kuhnhackl in Islanders zone.
9:07 of 1st period - Tobias Enstrom is hit by Steven Santini and loses puck.
9:22 of 1st period - Shot by Zack Kassian.
9:22 of 1st period - Shot Misses the Net.
9:55 of 1st period - Shot by Jeff Skinner.
9:55 of 1st period - Deflect By Rickard Rakell.
9:55 of 1st period - Stopped by Craig Anderson without a rebound.
9:56 of 1st period - Tyler Bozak wins face-off versus Frans Nielsen in Islanders zone.
10:03 of 1st period - Shot by Tyler Bozak.
10:03 of 1st period - Stopped by Keith Kinkaid without a rebound.
10:04 of 1st period - Tyler Bozak wins face-off versus Frans Nielsen in Jets zone.
10:16 of 1st period - Tyler Bozak is hit by Hampus Lindholm and loses puck.
10:26 of 1st period - Minor Penalty to Hampus Lindholm for Hooking.
10:27 of 1st period - Brian Boyle wins face-off versus Radek Faksa in Jets zone.
11:01 of 1st period - Shot by Colin Wilson.
11:01 of 1st period - Shot Misses the Net.
11:19 of 1st period - Shot by Patrick Sharp.
11:19 of 1st period - Shot Misses the Net.
11:21 of 1st period - Shot by Andy Greene.
11:21 of 1st period - Stopped by Keith Kinkaid without a rebound.
11:22 of 1st period - Tyler Bozak wins face-off versus Radek Faksa in Jets zone.
11:39 of 1st period - Shot by Tyler Bozak.
11:39 of 1st period - Stopped by Keith Kinkaid without a rebound.
11:40 of 1st period - Radek Faksa wins face-off versus Brian Boyle in Jets zone.
12:32 of 1st period - Off-side.
12:33 of 1st period - Mikko Koivu wins face-off versus Nate Thompson in neutral zone.
12:42 of 1st period - Shot by Cam Atkinson.
12:42 of 1st period - Stopped by Craig Anderson without a rebound.
12:43 of 1st period - Tyler Bozak wins face-off versus Frans Nielsen in Islanders zone.
12:47 of 1st period - Tyler Bozak is hit by Jordie Benn and loses puck.
12:54 of 1st period - Shot by Jeff Skinner.
12:54 of 1st period - Shot Blocked by Luca Sbisa.
12:56 of 1st period - Shot by Jordie Benn.
12:56 of 1st period - Stopped by Craig Anderson with a rebound.
12:58 of 1st period - Shot by Jordie Benn.
12:58 of 1st period - Shot Misses the Net.
13:02 of 1st period - Shot by Rickard Rakell.
13:02 of 1st period - Stopped by Craig Anderson without a rebound.
13:03 of 1st period - Mikko Koivu wins face-off versus Zack Kassian in Islanders zone.
13:04 of 1st period - Shot by Cam Atkinson.
13:04 of 1st period - Deflect By Jamie Benn.
13:04 of 1st period - Shot Misses the Net.
13:06 of 1st period - Shot by Jamie Benn.
13:06 of 1st period - Shot Blocked by Roman Polak.
13:08 of 1st period - Shot by Mikko Koivu.
13:08 of 1st period - Stopped by Craig Anderson without a rebound.
13:09 of 1st period - Mikko Koivu wins face-off versus Zack Kassian in Islanders zone.
13:20 of 1st period - Shot by Tom Kuhnhackl.
13:20 of 1st period - Deflect By Zack Kassian.
13:20 of 1st period - Shot Blocked by Mikko Koivu.
13:22 of 1st period - Shot by Niklas Hjalmarsson.
13:22 of 1st period - Stopped by Keith Kinkaid without a rebound.
13:23 of 1st period - Tyler Bozak wins face-off versus Ondrej Kase in Jets zone.
13:48 of 1st period - Shot by Tyler Bozak.
13:48 of 1st period - Shot Misses the Net.
13:58 of 1st period - Shot by Tyler Bozak.
13:58 of 1st period - Stopped by Keith Kinkaid with a rebound.
14:00 of 1st period - Shot by Andy Greene.
14:00 of 1st period - Stopped by Keith Kinkaid without a rebound.
14:01 of 1st period - Brian Boyle wins face-off versus Mikko Koivu in Jets zone.
14:01 of 1st period - Niklas Hjalmarsson is hit by Hampus Lindholm and loses puck.
14:07 of 1st period - Icing by Hampus Lindholm.
14:08 of 1st period - Brian Boyle wins face-off versus Cam Atkinson in Jets zone.
14:14 of 1st period - Minor Penalty to Jonas Brodin for Interference.
14:15 of 1st period - Brian Boyle wins face-off versus Radek Faksa in Jets zone.
14:18 of 1st period - Shot by Josh Anderson.
14:18 of 1st period - Stopped by Keith Kinkaid without a rebound.
14:19 of 1st period - Tyler Bozak wins face-off versus Radek Faksa in Jets zone.
14:20 of 1st period - Shot by Niklas Hjalmarsson.
14:20 of 1st period - Stopped by Keith Kinkaid without a rebound.
14:21 of 1st period - Tyler Bozak wins face-off versus Radek Faksa in Jets zone.
15:35 of 1st period - Shot by Roman Polak.
15:35 of 1st period - Stopped by Keith Kinkaid with a rebound.
15:48 of 1st period - Icing by Roman Polak.
15:49 of 1st period - Brian Boyle wins face-off versus Frans Nielsen in Islanders zone.
16:30 of 1st period - Shot by Cam Atkinson.
16:30 of 1st period - Stopped by Craig Anderson without a rebound.
16:31 of 1st period - Frans Nielsen wins face-off versus Zack Kassian in Islanders zone.
16:32 of 1st period - Shot by Brock Nelson.
16:32 of 1st period - Shot Blocked by Erik Johnson.
17:16 of 1st period - Shot by Cam Atkinson.
17:16 of 1st period - Shot Misses the Net.
17:18 of 1st period - Shot by Mikko Koivu.
17:18 of 1st period - Stopped by Craig Anderson without a rebound.
17:19 of 1st period - Tyler Bozak wins face-off versus Radek Faksa in Islanders zone.
17:24 of 1st period - Shot by Pierre-Alexandr Parenteau.
17:24 of 1st period - Stopped by Keith Kinkaid without a rebound.
17:25 of 1st period - Tyler Bozak wins face-off versus Mikko Koivu in Jets zone.
17:30 of 1st period - Shot by Patrick Sharp.
17:30 of 1st period - Stopped by Keith Kinkaid without a rebound.
17:31 of 1st period - Mikko Koivu wins face-off versus Tyler Bozak in Jets zone.
18:03 of 1st period - Shot by Mikko Koivu.
18:03 of 1st period - Stopped by Craig Anderson without a rebound.
18:04 of 1st period - Frans Nielsen wins face-off versus Colin Wilson in Islanders zone.
18:09 of 1st period - Shot by Frans Nielsen.
18:09 of 1st period - Deflect By Rickard Rakell.
18:09 of 1st period - Stopped by Craig Anderson without a rebound.
18:10 of 1st period - Frans Nielsen wins face-off versus Brian Boyle in Islanders zone.
18:17 of 1st period - Shot by Jeff Skinner.
18:17 of 1st period - Shot Blocked by Niklas Hjalmarsson.
18:19 of 1st period - Shot by Frans Nielsen.
18:19 of 1st period - Goal by Frans Nielsen - Jets : 1 - Islanders : 0.
18:20 of 1st period - Mikko Koivu wins face-off versus Nate Thompson in neutral zone.
18:33 of 1st period - Shot by Tyler Bozak.
18:33 of 1st period - Stopped by Keith Kinkaid with a rebound.
18:35 of 1st period - Shot by Niklas Hjalmarsson.
18:35 of 1st period - Stopped by Keith Kinkaid without a rebound.
18:36 of 1st period - Brian Boyle wins face-off versus Frans Nielsen in Jets zone.
18:41 of 1st period - Shot by Josh Anderson.
18:41 of 1st period - Stopped by Keith Kinkaid with a rebound.
18:59 of 1st period - Shot by Rickard Rakell.
18:59 of 1st period - Stopped by Craig Anderson without a rebound.
19:00 of 1st period - Patrick Sharp wins face-off versus Mikko Koivu in Islanders zone.
Goals for this period are 1 for Jets vs 0 for Islanders.
Shots for this period are 23 for Jets vs 14 for Islanders.

2nd period


0:01 of 2nd period - Frans Nielsen wins face-off versus Brian Boyle in neutral zone.
0:04 of 2nd period - Brian Boyle is hit by Jeff Skinner and loses puck.
0:11 of 2nd period - Shot by Frans Nielsen.
0:11 of 2nd period - Shot Misses the Net.
0:39 of 2nd period - Rickard Rakell is hit by Erik Johnson and loses puck.
0:52 of 2nd period - Shot by Jamie Benn.
0:52 of 2nd period - Shot Misses the Net.
1:02 of 2nd period - Shot by Cam Atkinson.
1:02 of 2nd period - Shot Misses the Net.
1:17 of 2nd period - Cam Atkinson is hit by Erik Johnson and loses puck.
1:40 of 2nd period - Shot by Bryan Rust.
1:40 of 2nd period - Shot Misses the Net.
1:50 of 2nd period - Shot by Brock Nelson.
1:50 of 2nd period - Stopped by Craig Anderson without a rebound.
1:51 of 2nd period - Tyler Bozak wins face-off versus Radek Faksa in Islanders zone.
2:04 of 2nd period - Jordie Benn is hit by Patrick Sharp and loses puck.
2:19 of 2nd period - Shot by Patrick Sharp.
2:19 of 2nd period - Stopped by Keith Kinkaid with a rebound.
2:24 of 2nd period - Icing by Jordie Benn.
2:25 of 2nd period - Radek Faksa wins face-off versus Zack Kassian in Jets zone.
2:25 of 2nd period - Radek Faksa is hit by Zack Kassian.
3:10 of 2nd period - Shot by Bryan Rust.
3:10 of 2nd period - Shot Misses the Net.
3:28 of 2nd period - Shot by Mikko Koivu.
3:28 of 2nd period - Stopped by Craig Anderson without a rebound.
3:29 of 2nd period - Nate Thompson wins face-off versus Mikko Koivu in Islanders zone.
3:33 of 2nd period - Erik Johnson is hit by Mikko Koivu and loses puck.
4:05 of 2nd period - Shot by Cam Atkinson.
4:05 of 2nd period - Stopped by Craig Anderson with a rebound.
4:53 of 2nd period - Shot by Frans Nielsen.
4:53 of 2nd period - Shot Misses the Net.
4:59 of 2nd period - Shot by Brock Nelson.
4:59 of 2nd period - Deflect By Bryan Rust.
4:59 of 2nd period - Shot Misses the Net.
5:31 of 2nd period - Brian Boyle is hit by Hampus Lindholm and loses puck.
6:08 of 2nd period - Shot by Zack Kassian.
6:08 of 2nd period - Shot Misses the Net.
6:10 of 2nd period - Shot by Niklas Hjalmarsson.
6:10 of 2nd period - Stopped by Keith Kinkaid without a rebound.
6:11 of 2nd period - Radek Faksa wins face-off versus Zack Kassian in Jets zone.
6:48 of 2nd period - Radek Faksa is hit by Tom Kuhnhackl and loses puck.
7:15 of 2nd period - Shot by Tyler Bozak.
7:15 of 2nd period - Stopped by Keith Kinkaid without a rebound.
7:16 of 2nd period - Nate Thompson wins face-off versus Mikko Koivu in Jets zone.
7:31 of 2nd period - Shot by Jamie Benn.
7:31 of 2nd period - Goal by Jamie Benn - Jets : 2 - Islanders : 0.
7:32 of 2nd period - Brian Boyle wins face-off versus Frans Nielsen in neutral zone.
7:54 of 2nd period - Icing by Mark Fayne.
7:55 of 2nd period - Mikko Koivu wins face-off versus Brian Boyle in Islanders zone.
8:42 of 2nd period - Shot by Tyler Bozak.
8:42 of 2nd period - Shot Misses the Net.
10:26 of 2nd period - Minor Penalty to Luca Sbisa for Hooking.
10:27 of 2nd period - Frans Nielsen wins face-off versus Zack Kassian in Islanders zone.
10:39 of 2nd period - Shot by Frans Nielsen.
10:39 of 2nd period - Goal by Frans Nielsen - Jets : 3 - Islanders : 0.
10:40 of 2nd period - Tom Kuhnhackl wins face-off versus Brock Nelson in neutral zone.
10:45 of 2nd period - Matt Read is hit by Bryan Rust and loses puck.
11:32 of 2nd period - Shot by Rickard Rakell.
11:32 of 2nd period - Stopped by Craig Anderson without a rebound.
11:33 of 2nd period - Frans Nielsen wins face-off versus Tyler Bozak in Islanders zone.
11:33 of 2nd period - Frans Nielsen is hit by Erik Johnson.
11:37 of 2nd period - Shot by Jeff Skinner.
11:37 of 2nd period - Stopped by Craig Anderson without a rebound.
11:38 of 2nd period - Frans Nielsen wins face-off versus Tyler Bozak in Islanders zone.
11:39 of 2nd period - Shot by Jeff Skinner.
11:39 of 2nd period - Stopped by Craig Anderson without a rebound.
11:40 of 2nd period - Tyler Bozak wins face-off versus Frans Nielsen in Islanders zone.
11:47 of 2nd period - Shot by Pierre-Alexandr Parenteau.
11:47 of 2nd period - Stopped by Keith Kinkaid without a rebound.
11:48 of 2nd period - Tyler Bozak wins face-off versus Frans Nielsen in Jets zone.
12:01 of 2nd period - Icing by Niklas Hjalmarsson.
12:02 of 2nd period - Radek Faksa wins face-off versus Tyler Bozak in Islanders zone.
12:05 of 2nd period - Shot by Tobias Enstrom.
12:05 of 2nd period - Stopped by Craig Anderson with a rebound.
12:14 of 2nd period - Tyler Bozak is hit by Nick Holden and loses puck.
13:08 of 2nd period - Shot by Josh Anderson.
13:08 of 2nd period - Stopped by Keith Kinkaid with a rebound.
13:16 of 2nd period - Shot by Rickard Rakell.
13:16 of 2nd period - Goal by Rickard Rakell - Jets : 4 - Islanders : 0.
13:17 of 2nd period - Zack Kassian wins face-off versus Mikko Koivu in neutral zone.
14:40 of 2nd period - Shot by Brian Boyle.
14:40 of 2nd period - Stopped by Keith Kinkaid without a rebound.
14:41 of 2nd period - Radek Faksa wins face-off versus Tyler Bozak in Jets zone.
15:14 of 2nd period - Shot by Tyler Bozak.
15:14 of 2nd period - Shot Misses the Net.
15:58 of 2nd period - Shot by Rickard Rakell.
15:58 of 2nd period - Shot Misses the Net.
16:00 of 2nd period - Shot by Frans Nielsen.
16:00 of 2nd period - Shot Blocked by Erik Johnson.
16:02 of 2nd period - Shot by Frans Nielsen.
16:02 of 2nd period - Stopped by Craig Anderson with a rebound.
16:59 of 2nd period - Cam Atkinson is hit by Tom Kuhnhackl and loses puck.
17:18 of 2nd period - Mikko Koivu is hit by Pierre-Alexandr Parenteau and loses puck.
17:32 of 2nd period - Tyler Bozak is hit by Radek Faksa and loses puck.
17:41 of 2nd period - Erik Johnson is hit by Nick Holden and loses puck.
18:00 of 2nd period - Shot by Radek Faksa.
18:00 of 2nd period - Shot Misses the Net.
18:02 of 2nd period - Shot by Radek Faksa.
18:02 of 2nd period - Shot Misses the Net.
19:06 of 2nd period - Shot by Jeff Skinner.
19:06 of 2nd period - Shot Blocked by Roman Polak.
19:40 of 2nd period - Shot by Brock Nelson.
19:40 of 2nd period - Shot Misses the Net.
19:42 of 2nd period - Shot by Braydon Coburn.
19:42 of 2nd period - Shot Misses the Net.
19:44 of 2nd period - Shot by Braydon Coburn.
19:44 of 2nd period - Shot Blocked by Roman Polak.
Goals for this period are 3 for Jets vs 0 for Islanders.
Shots for this period are 11 for Jets vs 6 for Islanders.

3rd period


0:01 of 3rd period - Frans Nielsen wins face-off versus Tyler Bozak in neutral zone.
0:55 of 3rd period - Colin Wilson is hit by Nick Holden and loses puck.
1:15 of 3rd period - Josh Anderson is hit by Nick Holden and loses puck.
1:32 of 3rd period - Icing by Mark Fayne.
1:33 of 3rd period - Radek Faksa wins face-off versus Brian Boyle in Islanders zone.
1:51 of 3rd period - Bryan Rust is hit by Roman Polak and loses puck.
2:02 of 3rd period - Shot by Matt Read.
2:02 of 3rd period - Goal by Matt Read - Jets : 4 - Islanders : 1.
2:03 of 3rd period - Tyler Bozak wins face-off versus Frans Nielsen in neutral zone.
2:53 of 3rd period - Matt Read is hit by Rickard Rakell.
3:43 of 3rd period - Minor Penalty to Luca Sbisa for Roughing.
3:44 of 3rd period - Mikko Koivu wins face-off versus Patrick Sharp in Islanders zone.
3:59 of 3rd period - Shot by Jamie Benn.
3:59 of 3rd period - Shot Blocked by Erik Johnson.
4:47 of 3rd period - Shot by Connor Carrick.
4:47 of 3rd period - Stopped by Craig Anderson without a rebound.
4:48 of 3rd period - Frans Nielsen wins face-off versus Brian Boyle in Islanders zone.
4:59 of 3rd period - Shot by Rickard Rakell.
4:59 of 3rd period - Deflect By Frans Nielsen.
4:59 of 3rd period - Stopped by Craig Anderson without a rebound.
5:00 of 3rd period - Tyler Bozak wins face-off versus Mikko Koivu in Islanders zone.
6:01 of 3rd period - Tom Kuhnhackl is hit by Jordie Benn and loses puck.
6:07 of 3rd period - Matt Read is hit by Braydon Coburn and loses puck.
6:14 of 3rd period - Shot by Zack Kassian.
6:14 of 3rd period - Stopped by Keith Kinkaid without a rebound.
6:15 of 3rd period - Frans Nielsen wins face-off versus Brian Boyle in Jets zone.
6:26 of 3rd period - Shot by Rickard Rakell.
6:26 of 3rd period - Stopped by Craig Anderson without a rebound.
6:27 of 3rd period - Brian Boyle wins face-off versus Jeff Skinner in Islanders zone.
7:32 of 3rd period - Shot by Mark Fayne.
7:32 of 3rd period - Stopped by Keith Kinkaid without a rebound.
7:33 of 3rd period - Mikko Koivu wins face-off versus Tyler Bozak in Jets zone.
7:53 of 3rd period - Shot by Cam Atkinson.
7:53 of 3rd period - Shot Misses the Net.
7:55 of 3rd period - Shot by Jamie Benn.
7:55 of 3rd period - Stopped by Craig Anderson without a rebound.
7:56 of 3rd period - Radek Faksa wins face-off versus Zack Kassian in Islanders zone.
8:07 of 3rd period - Icing by Radek Faksa.
8:08 of 3rd period - Brian Boyle wins face-off versus Radek Faksa in Jets zone.
8:15 of 3rd period - Shot by Brian Boyle.
8:15 of 3rd period - Shot Misses the Net.
8:26 of 3rd period - Bryan Rust is hit by Luca Sbisa and loses puck.
8:51 of 3rd period - Shot by Cam Atkinson.
8:51 of 3rd period - Shot Misses the Net.
8:53 of 3rd period - Shot by Jamie Benn.
8:53 of 3rd period - Deflect By Cam Atkinson.
8:53 of 3rd period - Shot Misses the Net.
9:09 of 3rd period - Shot by Cam Atkinson.
9:09 of 3rd period - Stopped by Craig Anderson without a rebound.
9:10 of 3rd period - Frans Nielsen wins face-off versus Tyler Bozak in Islanders zone.
9:31 of 3rd period - Shot by Rickard Rakell.
9:31 of 3rd period - Stopped by Craig Anderson without a rebound.
9:32 of 3rd period - Mikko Koivu wins face-off versus Zack Kassian in Islanders zone.
9:40 of 3rd period - Minor Penalty to Matt Read for Tripping.
9:41 of 3rd period - Tyler Bozak wins face-off versus Mikko Koivu in Islanders zone.
9:41 of 3rd period - Tyler Bozak is hit by Mikko Koivu.
9:48 of 3rd period - Icing by Jamie Benn.
9:49 of 3rd period - Tyler Bozak wins face-off versus Mikko Koivu in Jets zone.
9:59 of 3rd period - Icing by Jamie Benn.
10:00 of 3rd period - Tyler Bozak wins face-off versus Mikko Koivu in Jets zone.
11:59 of 3rd period - Shot by Radek Faksa.
11:59 of 3rd period - Deflect By Brock Nelson.
11:59 of 3rd period - Stopped by Craig Anderson without a rebound.
12:00 of 3rd period - Brock Nelson wins face-off versus Brian Boyle in Islanders zone.
12:16 of 3rd period - Brian Boyle is hit by Brock Nelson and loses puck.
12:39 of 3rd period - Bryan Rust is hit by Luca Sbisa and loses puck.
13:12 of 3rd period - Minor Penalty to Tom Kuhnhackl for Interference.
13:13 of 3rd period - Tyler Bozak wins face-off versus Frans Nielsen in Islanders zone.
13:26 of 3rd period - Shot by Frans Nielsen.
13:26 of 3rd period - Shot Misses the Net.
14:15 of 3rd period - Shot by Jamie Benn.
14:15 of 3rd period - Shot Misses the Net.
14:17 of 3rd period - Shot by Jonas Brodin.
14:17 of 3rd period - Stopped by Craig Anderson without a rebound.
14:18 of 3rd period - Brian Boyle wins face-off versus Mikko Koivu in Islanders zone.
14:31 of 3rd period - Niklas Hjalmarsson is hit by Jamie Benn and loses puck.
14:44 of 3rd period - Shot by Tobias Enstrom.
14:44 of 3rd period - Shot Misses the Net.
14:46 of 3rd period - Shot by Jonas Brodin.
14:46 of 3rd period - Stopped by Craig Anderson without a rebound.
14:47 of 3rd period - Tyler Bozak wins face-off versus Frans Nielsen in Islanders zone.
15:16 of 3rd period - Shot by Matt Read.
15:16 of 3rd period - Shot Misses the Net.
15:26 of 3rd period - Shot by Brock Nelson.
15:26 of 3rd period - Stopped by Craig Anderson without a rebound.
15:27 of 3rd period - Zack Kassian wins face-off versus Cam Atkinson in Islanders zone.
15:47 of 3rd period - Shot by Matt Read.
15:47 of 3rd period - Shot Misses the Net.
17:08 of 3rd period - Shot by Jeff Skinner.
17:08 of 3rd period - Shot Blocked by Roman Polak.
17:13 of 3rd period - Frans Nielsen is hit by Roman Polak and loses puck.
17:16 of 3rd period - Shot by Rickard Rakell.
17:16 of 3rd period - Stopped by Craig Anderson without a rebound.
17:17 of 3rd period - Radek Faksa wins face-off versus Zack Kassian in Islanders zone.
17:20 of 3rd period - Shot by Brock Nelson.
17:20 of 3rd period - Stopped by Craig Anderson without a rebound.
17:21 of 3rd period - Zack Kassian wins face-off versus Radek Faksa in Islanders zone.
17:21 of 3rd period - Zack Kassian is hit by Brock Nelson.
17:33 of 3rd period - Shot by Brock Nelson.
17:33 of 3rd period - Stopped by Craig Anderson without a rebound.
17:34 of 3rd period - Brian Boyle wins face-off versus Radek Faksa in Islanders zone.
17:49 of 3rd period - Minor Penalty to Josh Anderson for Roughing.
17:50 of 3rd period - Frans Nielsen wins face-off versus Tyler Bozak in Islanders zone.
18:08 of 3rd period - Shot by Rickard Rakell.
18:08 of 3rd period - Stopped by Craig Anderson without a rebound.
18:09 of 3rd period - Tyler Bozak wins face-off versus Jamie Benn in Islanders zone.
19:24 of 3rd period - Shot by Frans Nielsen.
19:24 of 3rd period - Shot Blocked by Erik Johnson.
Goals for this period are 0 for Jets vs 1 for Islanders.
Shots for this period are 14 for Jets vs 3 for Islanders.